 Dungeon Crawl Stone Soup version 0.22-a0-815-gb582571 (webtiles) character file.

40 BaronVonScrub the Conjurer (level 3, -3/24 HPs)
             Began as a Mummy Conjurer on July 23, 2018.
             Slain by Ijyb
             ... wielding a +0 dagger
              (4 damage)
             ... on level 2 of the Dungeon.
             The game lasted 00:03:05 (1629 turns).

BaronVonScrub the Conjurer (Mummy Conjurer)         Turns: 1629, Time: 00:03:05

Health: -3/24      AC:  4    Str: 11    XL:     3   Next: 30%
Magic:  1/7        EV: 12    Int: 15    God:
Gold:   58         SH:  0    Dex: 12    Spells: 7/8 levels left

rFire    x . .     SeeInvis .   d - +0 short sword
rCold    + . .     Gourm    .   (no shield)
rNeg     + + +     Faith    .   a - +2 robe
rPois    ∞         Spirit   .   (no helmet)
rElec    .         Reflect  .   (no cloak)
rCorr    .         Harm     .   (no gloves)
MR       .....                  (no boots)
Stlth    ++........             (no amulet)
HPRegen  0.08/turn              (no ring)
MPRegen  0.10/turn              (no ring)

@: no status effects
A: no food or potions, fire vulnerability, cold resistance 1, negative energy
resistance 3, torment resistance, unbreathing
a: no special abilities


You were on level 2 of the Dungeon.
You were not hungry.

You visited 1 branch of the dungeon, and saw 2 of its levels.

You collected 58 gold pieces.

Inventory:

Hand Weapons
 d - a +0 short sword (weapon)
Armour
 a - a +2 robe (worn)
 c - a +0 leather armour
Scrolls
 b - a scroll of teleportation


   Skills:
 - Level 2.0 Dodging
 - Level 1.7 Stealth
 + Level 3.0 Spellcasting
 + Level 3.9 Conjurations


You had 7 spell levels left.
You knew the following spells:

 Your Spells              Type           Power        Failure   Level  Hunger
a - Magic Dart            Conj           ##..         4%          1    N/A

Your spell library contained the following spells:

 Spells                   Type           Power        Failure   Level  Hunger
 Iskenderun's Mystic Bla  Conj           ##......     36%         4    N/A
 Fulminant Prism          Conj/Hex       #.........   65%         4    N/A
 Dazzling Spray           Conj/Hex       #.....       26%         3    N/A
 Force Lance              Conj/Tloc      #.......     65%         4    N/A
 Searing Ray              Conj           ##....       6%          2    N/A

Dungeon Overview and Level Annotations

Branches:
Dungeon (2/15)

Altars:

Annotations:
D:2 Ijyb


Innate Abilities, Weirdness & Mutations

You do not eat or drink.
Your flesh is vulnerable to fire.
You are immune to poison.
Your flesh is cold resistant. (rC+)
You are immune to negative energy. (rN+++)
You are immune to unholy pain and torment.
You can survive without breathing.


Message History

Ijyb hits you with a dagger.
* * * LOW HITPOINT WARNING * * *
Ijyb hits you but does no damage.
You hit Ijyb but do no damage.
Ijyb is heavily wounded.
Ijyb hits you but does no damage.
You hit Ijyb but do no damage.
Ijyb is heavily wounded.
Ijyb misses you.
You closely miss Ijyb.
Ijyb is heavily wounded.
Ijyb hits you with a dagger.
* * * LOW HITPOINT WARNING * * *
You barely miss Ijyb.
Ijyb is heavily wounded.
Ijyb misses you.
You hit Ijyb.
Ijyb is heavily wounded.
Ijyb hits you with a dagger.
You die...

#......
##.#####
#####...####
#.........<.
#.###.......
#######.#
##.#.###
#...(...#
#.#.#.. ##
#.#######
#.#.#.# #.##@#
#...÷.. #.#g#
### ###....
#..# #.#
#......
######.###.##
.......
#.........)..#
.#......
#.#####.#.#..#
.##......
#.##...#.#
#...... #.#
#...# #.#.###
..# #.)##
#.#.#


You could see Ijyb.

Vanquished Creatures
  An adder (D:2)
  An ooze (D:1)
  3 leopard geckos
  7 goblins (D:2)
  2 hobgoblins
  4 bats
  A frilled lizard (D:1)
  5 kobolds
  A rat (D:1)
25 creatures vanquished.

Notes
Turn   | Place    | Note
-------+----------+-------------------------------------------
     0 | D:1      | BaronVonScrub the Mummy Conjurer began the quest for the Orb.
     0 | D:1      | Reached XP level 1. HP: 13/13 MP: 4/4
   389 | D:1      | Reached XP level 2. HP: 19/19 MP: 2/5
  1401 | D:2      | Reached XP level 3. HP: 24/24 MP: 0/7
  1567 | D:2      | Noticed Ijyb
  1624 | D:2      | HP: 1/24 [Ijyb/dagger (4)]
  1629 | D:2      | Slain by Ijyb

Vault maps used:
D:1:      wheals_arrival_linesprint
D:2:      kennysheep_the_goblin_king

Skill      XL: |  1  2  3 |
---------------+----------+-----
Dodging        | 2 |  2.0
Spellcasting   | 3 |  3.0
Stealth        | |  1.7
Conjurations   | |  3.9

Action                   || total
-------------------------++-------
Melee: Short sword       ||    61
 Cast: Magic Dart        ||    54
  Use: Scroll            ||     5
Armor: Robe              ||    27
Dodge: Dodged            ||    50

Table legend:
 A = Spawn XP
 B = Non-spawn XP
 C = Spawn XP percentage of total XP
 D = Spawn monster count
 E = Non-spawn monster count
 F = Spawn count percentage of total count
 G = Total turns spent on level
                    A         B        C        D         E        F      G
               +---------+---------+-------+---------+---------+-------+---------
         Total |       0 |      58 |   0.0 |       0 |      25 |   0.0 |  1629
               +---------+---------+-------+---------+---------+-------+---------
           D:1 |       0 |      18 |   0.0 |       0 |       9 |   0.0 |  1099
           D:2 |       0 |      40 |   0.0 |       0 |      16 |   0.0 |   530
               +---------+---------+-------+---------+---------+-------+---------
